[Event "Asian Zonal-ch 3.5 Women 2019"]
[Site "Zi Bo"]
[Date "2019.09.06"]
[Round "3.1"]
[White "Zhu, Jiner"]
[Black "Huang, Qian"]
[Result "1-0"]
[ECO "B90"]
[WhiteElo "2471"]
[BlackElo "2429"]
[Annotator "ChessBase"]
[PlyCount "75"]
[EventDate "2019.09.05"]
[EventType "swiss"]
[EventCountry "CHN"]
[SourceTitle "playchess.com"]
[Source "ChessBase"]
[SourceQuality "1"]
[TimeControl "5400+30"]

1. e4 c5 2. Nf3 d6 3. d4 cxd4 4. Nxd4 Nf6 5. Nc3 a6 6. Be3 e5 7. Nb3 Be7 8. f3 Be6 9. Qd2 O-O 10. O-O-O a5 11. a4 Na6 12. g4 Nb4 13. Kb1 Rc8 14. Bb5 Qc7 15. g5 Nd7 16. f4 exf4 17. Bxf4 Ne5 18. Nd4 Bg4 19. Rdf1 Rfd8 20. h3 Bh5 21. Nf5 Bg6 22. Ne3 Bf8 23. h4 d5 24. Qh2 Qc5 25. exd5 Ng4 26. Nxg4 Nxc2 27. Ne5 Na3+ 28. Ka2 Nxb5 29. axb5 Be4 30. Qh3 Bxh1 31. Rxh1 Bd6 32. Rf1 Rc7 33. Be3 Qb4 34. Rf4 Bxe5 35. Rxb4 axb4 36. Na4 Rxd5 37. Bb6 Rc1 38. Nc3 1-0

[Event "Asian Zonal-ch 3.5 Women 2019"]
[Site "Zi Bo"]
[Date "2019.09.06"]
[Round "3.2"]
[White "Yuan, Ye"]
[Black "Lei, Tingjie"]
[Result "0-1"]
[ECO "E16"]
[WhiteElo "2092"]
[BlackElo "2483"]
[Annotator "ChessBase"]
[PlyCount "82"]
[EventDate "2019.09.05"]
[EventType "swiss"]
[EventCountry "CHN"]
[SourceTitle "playchess.com"]
[Source "ChessBase"]
[SourceQuality "1"]
[TimeControl "5400+30"]

1. d4 Nf6 2. c4 e6 3. Nf3 b6 4. g3 Bb7 5. Bg2 g6 6. O-O Bg7 7. Nc3 Ne4 8. Bd2 O-O 9. d5 Nxc3 10. Bxc3 Bxc3 11. bxc3 d6 12. Nd2 e5 13. e4 Nd7 14. Qe2 Qe7 15. Rae1 c6 16. f4 Rac8 17. Rf3 Ba6 18. Qf2 Rc7 19. Bh3 cxd5 20. cxd5 Nc5 21. Ree3 f6 22. Kg2 Kg7 23. Qe1 Qe8 24. Kg1 Re7 25. Bf1 Qa4 26. Bxa6 Qxa6 27. Qb1 Rc8 28. Rf1 b5 29. Rc1 Qb6 30. Kf2 exf4 31. gxf4 Nxe4+ 32. Nxe4 Rc4 33. Kf3 f5 34. Rce1 fxe4+ 35. Rxe4 Rexe4 36. Rxe4 Rxc3+ 37. Kg2 Qc5 38. Re7+ Kh6 39. Qe4 Rc2+ 40. Kh3 Qc3+ 41. Kg4 Rxh2 0-1

[Event "Asian Zonal-ch 3.5 Women 2019"]
[Site "Zi Bo"]
[Date "2019.09.06"]
[Round "3.3"]
[White "Zhai, Mo"]
[Black "Zhang, Lanlin"]
[Result "1-0"]
[ECO "E08"]
[WhiteElo "2360"]
[BlackElo "2203"]
[Annotator "ChessBase"]
[PlyCount "70"]
[EventDate "2019.09.05"]
[EventType "swiss"]
[EventCountry "CHN"]
[SourceTitle "playchess.com"]
[Source "ChessBase"]
[SourceQuality "1"]
[TimeControl "5400+30"]

1. Nf3 d5 2. g3 Nf6 3. Bg2 Nbd7 4. d4 e6 5. O-O Be7 6. c4 O-O 7. Qc2 a6 8. Nbd2 h6 9. Rd1 Rb8 10. a3 Re8 11. b4 Nf8 12. Bb2 c6 13. e4 dxe4 14. Nxe4 a5 15. Bc3 axb4 16. axb4 N8h7 17. h4 Nxe4 18. Qxe4 Nf6 19. Qe2 Bd6 20. Ne5 Qe7 21. Qb2 Nh7 22. b5 f6 23. Nd3 cxb5 24. Qxb5 Bd7 25. Qb6 Rec8 26. c5 Bc7 27. Qb3 Bc6 28. Re1 Bxg2 29. Kxg2 Nf8 30. d5 Qd7 31. Nb4 Be5 32. Bxe5 fxe5 33. Rxe5 exd5 34. Nxd5 Kh8 35. Ne7 Ra8 1-0

[Event "Asian Zonal-ch 3.5 Women 2019"]
[Site "Zi Bo"]
[Date "2019.09.06"]
[Round "3.4"]
[White "Li, Yunshan"]
[Black "Ning, Kaiyu"]
[Result "1-0"]
[ECO "D35"]
[WhiteElo "2261"]
[BlackElo "2354"]
[Annotator "ChessBase"]
[PlyCount "149"]
[EventDate "2019.09.05"]
[EventType "swiss"]
[EventCountry "CHN"]
[SourceTitle "playchess.com"]
[Source "ChessBase"]
[SourceQuality "1"]
[TimeControl "5400+30"]

1. d4 d5 2. c4 e6 3. Nc3 Nf6 4. cxd5 Nxd5 5. e4 Nxc3 6. bxc3 c5 7. Rb1 Be7 8. Nf3 O-O 9. Bc4 a6 10. a4 Qc7 11. d5 exd5 12. Bxd5 Nd7 13. c4 Nb6 14. O-O Nxd5 15. cxd5 Bd6 16. Re1 f6 17. Qb3 Re8 18. Ba3 Rb8 19. Qb6 Qxb6 20. Rxb6 Bc7 21. Rbb1 b6 22. a5 bxa5 23. Rbc1 a4 24. Rxc5 Bb6 25. Rcc1 Bd7 26. e5 fxe5 27. Nxe5 Bb5 28. Nc6 Bxc6 29. dxc6 Rxe1+ 30. Rxe1 Ba5 31. Rc1 Bc7 32. g3 Rb3 33. Bc5 a3 34. Ra1 Rc3 35. Bxa3 a5 36. Bc1 Rxc6 37. Bd2 Rc5 38. f4 Bb6 39. Kf1 Rh5 40. Ra4 Kf7 41. g4 Rd5 42. Ke2 g6 43. Bc3 Ke6 44. Rc4 Kd7 45. Kf3 Rd3+ 46. Ke4 Rh3 47. Bd4 Bc7 48. Be5 Bb6 49. f5 Rh4 50. Kd5 gxf5 51. Rc6 Be3 52. gxf5 Rh5 53. Rd6+ Ke7 54. f6+ Kf7 55. Rd7+ Kg6 56. f7 Bh6 57. Ke6 Rf5 58. h4 Rf3 59. Rd8 a4 60. Rg8+ Kh5 61. Bf6 a3 62. f8=Q Bxf8 63. Rxf8 Rb3 64. Ra8 Kg6 65. Be7 Re3+ 66. Kd7 Kh5 67. Ke8 Rf3 68. Ra4 Rh3 69. Kf7 Rg3 70. Ra5+ Kg4 71. Kg7 h5 72. Kg6 Re3 73. Ra4+ Kh3 74. Bg5 Rg3 75. Kxh5 1-0

[Event "Asian Zonal-ch 3.5 Women 2019"]
[Site "Zi Bo"]
[Date "2019.09.06"]
[Round "3.5"]
[White "Li, Xueyi"]
[Black "Gu, Tianlu"]
[Result "1/2-1/2"]
[ECO "E04"]
[WhiteElo "2323"]
[BlackElo "2239"]
[Annotator "ChessBase"]
[PlyCount "136"]
[EventDate "2019.09.05"]
[EventType "swiss"]
[EventCountry "CHN"]
[SourceTitle "playchess.com"]
[Source "ChessBase"]
[SourceQuality "1"]
[TimeControl "5400+30"]

1. d4 Nf6 2. Nf3 e6 3. g3 d5 4. Bg2 c5 5. O-O Nc6 6. c4 dxc4 7. dxc5 Qxd1 8. Rxd1 Bxc5 9. Nfd2 Na5 10. Na3 Bxa3 11. bxa3 Bd7 12. Bb2 Bb5 13. Bc3 Nc6 14. Rab1 Ba6 15. Bxf6 gxf6 16. Ne4 O-O 17. Nxf6+ Kg7 18. Bxc6 bxc6 19. Ne4 Rfd8 20. Rdc1 Rd5 21. Nc3 Rd2 22. Rb4 c5 23. Ra4 Rd6 24. Ra5 Rc8 25. Ne4 Rdc6 26. f3 R8c7 27. Kf2 f5 28. Nd2 Kf6 29. f4 e5 30. Nf3 exf4 31. gxf4 Rd6 32. Ne5 Re6 33. Rxc5 Rxc5 34. Nd7+ Ke7 35. Nxc5 Rc6 36. Nxa6 Rxa6 37. Rxc4 Rxa3 38. Rc7+ Kf6 39. Rxh7 Rxa2 40. Rh6+ Kg7 41. Rc6 a5 42. Ra6 a4 43. h4 Ra1 44. Ke3 Rh1 45. Kd4 Rxh4 46. Ke5 Rh2 47. Ra7+ Kg8 48. e3 Re2 49. Kd4 a3 50. Rxa3 Kf7 51. Ke5 Kg6 52. Rd3 Re1 53. Rd6+ Kf7 54. Rd3 Kg6 55. Rc3 Re2 56. Rc6+ Kg7 57. Kxf5 Rxe3 58. Rc7+ Kh6 59. Kf6 Ra3 60. Re7 Ra5 61. Re5 Ra7 62. Re1 Ra6+ 63. Re6 Ra7 64. f5 Rb7 65. Rd6 Ra7 66. Rd1 Ra6+ 67. Ke7 Kg5 68. Rf1 Ra7+ {[%emt 0:00:14] Rf3} 1/2-1/2

[Event "Asian Zonal-ch 3.5 Women 2019"]
[Site "Zi Bo"]
[Date "2019.09.06"]
[Round "3.6"]
[White "Hu, Yu A."]
[Black "Song, Yuxin"]
[Result "1/2-1/2"]
[ECO "B90"]
[WhiteElo "2105"]
[BlackElo "2305"]
[Annotator "ChessBase"]
[PlyCount "144"]
[EventDate "2019.09.05"]
[EventType "swiss"]
[EventCountry "CHN"]
[SourceTitle "playchess.com"]
[Source "ChessBase"]
[SourceQuality "1"]
[TimeControl "5400+30"]

1. e4 c5 2. Nf3 d6 3. d4 cxd4 4. Nxd4 Nf6 5. Nc3 a6 6. h3 e5 7. Nb3 h5 8. Be3 Be6 9. Qf3 Nbd7 10. O-O-O Qc7 11. Rg1 Rc8 12. Rd2 Nb6 13. Bxb6 Qxb6 14. g4 hxg4 15. hxg4 Rxc3 16. bxc3 Qc6 17. Qd3 Nxg4 18. Na5 Qc7 19. Nc4 g6 20. Nxd6+ Bxd6 21. Qxd6 Qxd6 22. Rxd6 Nxf2 23. Bd3 Rh4 24. Rb6 Bc8 25. Rg5 Rh1+ 26. Kb2 Rh5 27. Rxh5 gxh5 28. Kc1 Nh3 29. Kd2 Nf4 30. Ke3 Ke7 31. Kf3 h4 32. c4 h3 33. Kg3 Nh5+ 34. Kh2 Nf6 35. Rb4 Kd6 36. c5+ Kc7 37. Rb1 Be6 38. a3 Nd7 39. Bf1 Nxc5 40. Re1 Bd7 41. Bxh3 Bc6 42. Bg2 f6 43. Kg3 Ne6 44. Rf1 Nc5 45. Re1 b5 46. Kg4 Bd7+ 47. Kh5 Ne6 48. Bf3 Be8+ 49. Kh6 Kd6 50. Bg4 Nd4 51. Bd1 Bd7 52. c3 Nc6 53. Kg6 f5 54. exf5 Ne7+ 55. Kf6 Nd5+ 56. Kg5 Nxc3 57. Bb3 e4 58. Kg6 Ke5 59. f6 Be8+ 60. Kg5 Nd5 61. Bxd5 Kxd5 62. Kf5 Bd7+ 63. Kg6 Be6 64. f7 Bxf7+ 65. Kxf7 Ke5 66. Ke7 a5 67. Kd7 Kd5 68. Kc7 b4 69. axb4 axb4 70. Kb6 Kd4 71. Kb5 Kd3 72. Kxb4 e3 1/2-1/2

[Event "Asian Zonal-ch 3.5 Women 2019"]
[Site "Zi Bo"]
[Date "2019.09.06"]
[Round "3.7"]
[White "Zhao, Shengxin"]
[Black "Bai, Xue"]
[Result "0-1"]
[ECO "A09"]
[WhiteElo "2162"]
[BlackElo "2093"]
[Annotator "ChessBase"]
[PlyCount "68"]
[EventDate "2019.09.05"]
[EventType "swiss"]
[EventCountry "CHN"]
[SourceTitle "playchess.com"]
[Source "ChessBase"]
[SourceQuality "1"]
[TimeControl "5400+30"]

1. Nf3 Nf6 2. g3 e6 3. Bg2 d5 4. O-O c5 5. c4 d4 6. d3 Nc6 7. e3 Be7 8. exd4 cxd4 9. Re1 O-O 10. Na3 Bxa3 11. bxa3 Qd6 12. Bf4 Qxa3 13. Ne5 Nxe5 14. Bxe5 Rd8 15. Bxf6 gxf6 16. Qg4+ Kf8 17. Qh4 Ke7 18. Qxh7 Rb8 19. Rab1 b6 20. Rb5 Bd7 21. Rd5 Rh8 22. Qe4 Bc6 23. Qf4 Bxd5 24. Qc7+ Kf8 25. Qxb8+ Kg7 26. Qf4 Bxg2 27. Kxg2 Qxd3 28. Qg4+ Kf8 29. Qe4 Qxc4 30. Qf4 Qc6+ 31. Qe4 Qd6 32. Rc1 f5 33. Qf3 Kg7 34. Rc6 Qe5 0-1

[Event "Asian Zonal-ch 3.5 Women 2019"]
[Site "Zi Bo"]
[Date "2019.09.06"]
[Round "3.8"]
[White "Zhang, Xiao"]
[Black "Yan, Tianqi"]
[Result "0-1"]
[ECO "D52"]
[WhiteElo "2073"]
[BlackElo "2122"]
[Annotator "ChessBase"]
[PlyCount "121"]
[EventDate "2019.09.05"]
[EventType "swiss"]
[EventCountry "CHN"]
[SourceTitle "playchess.com"]
[Source "ChessBase"]
[SourceQuality "1"]
[TimeControl "5400+30"]

1. d4 Nf6 2. c4 e6 3. Nf3 d5 4. Nc3 c6 5. Bg5 Nbd7 6. e3 Qa5 7. cxd5 Nxd5 8. Qc2 Bb4 9. Rc1 Qxa2 10. Bd3 Nxc3 11. bxc3 Qxc2 12. Rxc2 Bd6 13. Ke2 b6 14. Ra1 a5 15. Nd2 Ba6 16. c4 f6 17. Bh4 Ke7 18. Bg3 e5 19. Nb3 Bb4 20. Bf5 Bd6 21. Bd3 Bc7 22. Kd2 Bb7 23. Rca2 c5 24. d5 Nb8 25. Be4 Bd6 26. Rb1 Na6 27. f4 exf4 28. exf4 Nb4 29. Ra4 Bc8 30. Re1 Kf7 31. f5 Bxg3 32. hxg3 Bd7 33. Ra3 Rae8 34. Nc1 Re5 35. Nd3 Rxe4 36. Rxe4 Nxd3 37. Kxd3 Bxf5 38. g4 Bxe4+ 39. Kxe4 Re8+ 40. Kf4 Ke7 41. Rh3 Kd6 42. Rxh7 Re7 43. Rh8 b5 44. cxb5 Kxd5 45. Ra8 Kc4 46. b6 Kb5 47. Ra7 Re6 48. Rxg7 Rxb6 49. g5 fxg5+ 50. Rxg5 a4 51. Re5 a3 52. Re1 a2 53. Ra1 Ra6 54. g4 Kb4 55. g5 Kb3 56. g6 Rxg6 57. Kf5 Ra6 58. Ke4 Kb2 59. Kd3 c4+ 60. Kxc4 Kxa1 61. Kd4 0-1

[Event "Asian Zonal-ch 3.5 Women 2019"]
[Site "Zi Bo"]
[Date "2019.09.06"]
[Round "3.9"]
[White "Ren, Xiaoyi"]
[Black "Cai Youyang"]
[Result "1-0"]
[ECO "D36"]
[WhiteElo "2231"]
[BlackElo "1910"]
[Annotator "ChessBase"]
[PlyCount "119"]
[EventDate "2019.09.05"]
[EventType "swiss"]
[EventCountry "CHN"]
[SourceTitle "playchess.com"]
[Source "ChessBase"]
[SourceQuality "1"]
[TimeControl "5400+30"]

1. d4 Nf6 2. c4 e6 3. Nf3 d5 4. Bg5 Nbd7 5. e3 Be7 6. Nc3 c6 7. cxd5 exd5 8. Bd3 h6 9. Bh4 O-O 10. Qc2 Re8 11. Bg3 b6 12. O-O Bb7 13. h3 Nf8 14. Ne5 c5 15. dxc5 bxc5 16. Bb5 d4 17. exd4 cxd4 18. Qb3 dxc3 19. Bxe8 Qxe8 20. Qxb7 Rb8 21. Qxa7 Rxb2 22. Qd4 Rc2 23. Rfc1 Ne6 24. Qc4 Rd2 25. Qxc3 Ne4 26. Qc6 Qxc6 27. Nxc6 Bc5 28. Kh2 f5 29. Be5 Nxf2 30. a4 Re2 31. Re1 Rc2 32. Rac1 Ra2 33. a5 Nd3 34. Ra1 Rc2 35. Red1 Nxe5 36. Nxe5 Bd4 37. Rxd4 Nxd4 38. a6 Rc8 39. a7 Ra8 40. Ra5 g5 41. Rd5 Rxa7 42. Rxd4 Ra5 43. Nc6 Rc5 44. Ne7+ Kf7 45. Rd5 Rxd5 46. Nxd5 Ke6 47. Nc3 h5 48. Kg3 Ke5 49. Kf3 Kd4 50. Nb5+ Ke5 51. Nc7 g4+ 52. hxg4 hxg4+ 53. Kg3 Ke4 54. Ne6 Ke3 55. Ng5 f4+ 56. Kxg4 Kf2 57. Kh3 Ke3 58. Nf3 Kf2 59. Nh4 Ke3 60. Kg4 1-0

[Event "Asian Zonal-ch 3.5 Women 2019"]
[Site "Zi Bo"]
[Date "2019.09.06"]
[Round "3.10"]
[White "Zhou, Zirun"]
[Black "Wang, Yuehan"]
[Result "1-0"]
[ECO "E54"]
[WhiteElo "2155"]
[BlackElo "1600"]
[Annotator "ChessBase"]
[PlyCount "63"]
[EventDate "2019.09.05"]
[EventType "swiss"]
[EventCountry "CHN"]
[SourceTitle "playchess.com"]
[Source "ChessBase"]
[SourceQuality "1"]
[TimeControl "5400+30"]

1. d4 Nf6 2. c4 e6 3. Nc3 Bb4 4. e3 O-O 5. Bd3 d5 6. Nf3 c5 7. O-O cxd4 8. exd4 b6 9. Bg5 dxc4 10. Be4 Nc6 11. Bxc6 Rb8 12. Ne4 Qc7 13. Nxf6+ gxf6 14. Bxf6 Qxc6 15. Qc1 Qe4 16. Ne5 Bb7 17. Qg5+ Qg6 18. Nxg6 fxg6 19. h4 Be4 20. Qe5 Bf5 21. Qc7 Rxf6 22. Qxb8+ Rf8 23. Qxa7 c3 24. bxc3 Bxc3 25. Qxb6 Bxa1 26. Rxa1 Re8 27. a4 Be4 28. a5 Bd5 29. a6 Ra8 30. a7 Kf7 31. Qc7+ Ke8 32. Rb1 1-0

[Event "Asian Zonal-ch 3.5 Women 2019"]
[Site "Zi Bo"]
[Date "2019.09.06"]
[Round "3.11"]
[White "Zhang, Yuxuan"]
[Black "Ha, Yihan"]
[Result "1-0"]
[ECO "B19"]
[WhiteElo "1979"]
[BlackElo "1580"]
[Annotator "NA"]
[PlyCount "61"]
[EventDate "2019.09.05"]
[EventType "swiss"]
[EventCountry "CHN"]
[SourceTitle "playchess.com"]
[Source "ChessBase"]
[SourceQuality "1"]
[TimeControl "5400+30"]

1. e4 c6 2. d4 d5 3. Nd2 dxe4 4. Nxe4 Bf5 5. Ng3 Bg6 6. h4 h6 7. Nf3 Nd7 8. h5 Bh7 9. Bd3 Bxd3 10. Qxd3 e6 11. Bd2 Ngf6 12. O-O-O Be7 13. Qe2 c5 14. dxc5 Qc7 15. Bc3 O-O 16. Nf1 Nxc5 17. Ne3 Rac8 18. g4 Nh7 19. Be5 Qa5 20. Kb1 b5 21. g5 Nxg5 22. Nxg5 Bxg5 23. f4 Be7 24. Rhg1 f6 25. Rxg7+ Kxg7 26. Qg4+ Kh8 27. Qg6 Ne4 28. Qxh6+ Kg8 29. Rg1+ Ng5 30. Rxg5+ fxg5 31. Qg7# 1-0

[Event "Asian Zonal-ch 3.5 Women 2019"]
[Site "Zi Bo"]
[Date "2019.09.06"]
[Round "3.12"]
[White "Xue, Yue"]
[Black "Zhao, Caidi"]
[Result "1/2-1/2"]
[ECO "B50"]
[WhiteElo "1678"]
[BlackElo "1540"]
[Annotator "NA"]
[PlyCount "110"]
[EventDate "2019.09.05"]
[EventType "swiss"]
[EventCountry "CHN"]
[SourceTitle "playchess.com"]
[Source "ChessBase"]
[SourceQuality "1"]
[TimeControl "5400+30"]

1. e4 c5 2. Nf3 d6 3. c3 e5 4. h3 Nf6 5. Be2 Nc6 6. d3 Be7 7. O-O O-O 8. Re1 h6 9. Nbd2 Nh7 10. Nf1 Kh8 11. d4 Ng5 12. Nxg5 Bxg5 13. dxc5 Bxc1 14. Rxc1 dxc5 15. Qxd8 Rxd8 16. Bc4 f6 17. Rcd1 Bd7 18. Ne3 Na5 19. Bd5 Rac8 20. b3 b6 21. Rd2 Be8 22. Red1 Nc6 23. Nf5 Bg6 24. Nh4 Be8 25. Nf5 Bg6 26. Bxc6 Rxd2 27. Rxd2 Bxf5 28. Bd7 Bxd7 29. Rxd7 a6 30. Rd6 Rb8 31. Kf1 Kg8 32. Ke2 Kf8 33. Rd7 Re8 34. Rb7 Re6 35. Kd3 Rd6+ 36. Kc4 b5+ 37. Kxc5 Rd2 38. Kb6 Rxa2 39. c4 bxc4 40. bxc4 Rb2+ 41. Kxa6 Ra2+ 42. Kb5 Rb2+ 43. Kc6 Rxf2 44. c5 Rc2 45. Rb3 Ke7 46. Rb7+ Kf8 47. Kd6 Rd2+ 48. Ke6 g5 49. Kxf6 Ke8 50. Re7+ Kd8 51. Rxe5 Rxg2 52. Rd5+ Kc7 53. Kg6 g4 54. hxg4 Rxg4+ 55. Kxh6 Rxe4 1/2-1/2